 Dungeon Crawl Stone Soup version 0.22-a0-799-g88f5e90 (webtiles) character file.

44 Amnesiac the Magician (level 3, -1/24 HPs)
             Began as a Mummy Earth Elementalist on July 21, 2018.
             Killed from afar by Sigmund (6 damage)
             ... with a puff of flame
             ... on level 4 of the Dungeon.
             The game lasted 00:02:47 (1157 turns).

Amnesiac the Magician (Mummy Earth Elementalist)    Turns: 1157, Time: 00:02:48

Health: -1/24      AC:  2    Str: 11    XL:     3   Next: 41%
Magic:  7/7        EV: 12    Int: 15    God:
Gold:   47         SH:  0    Dex: 12    Spells: 2/8 levels left

rFire    x . .     SeeInvis .   f - +0 dagger
rCold    + . .     Gourm    .   (no shield)
rNeg     + + +     Faith    .   c - +0 robe
rPois    ∞         Spirit   .   (no helmet)
rElec    .         Reflect  .   (no cloak)
rCorr    .         Harm     .   (no gloves)
MR       .....                  (no boots)
Stlth    ++........             (no amulet)
HPRegen  0.08/turn              h - ring of positive energy (curse)
MPRegen  0.10/turn              (no ring)

@: no status effects
A: no food or potions, fire vulnerability, cold resistance 1, negative energy
resistance 3, torment resistance, unbreathing
a: no special abilities


You were on level 4 of the Dungeon.
You were not hungry.

You visited 1 branch of the dungeon, and saw 4 of its levels.

You collected 47 gold pieces.

Inventory:

Hand Weapons
 f - a +0 dagger (weapon)
Missiles
 b - 72 stones (quivered)
Armour
 c - a +0 robe (worn)
Jewellery
 h - a cursed ring of positive energy (left hand)
Scrolls
 a - a scroll of amnesia {!r, unknown}
 d - 3 scrolls of identify {!r, unknown}
 e - 2 scrolls of teleportation {!r, unknown}
 g - a scroll of remove curse {!r, unknown}


   Skills:
 - Level 1.5 Dodging
 - Level 1.5 Stealth
 + Level 3.4 Spellcasting
 - Level 0.7 Transmutations
 * Level 3.4 Earth Magic


You had 2 spell levels left.
You knew the following spells:

 Your Spells              Type           Power        Failure   Level  Hunger
a - Sandblast             Erth           ##....       4%          1    N/A
b - Passwall              Tmut/Erth      #.......     12%         2    N/A
c - Stone Arrow           Conj/Erth      #.....       28%         3    N/A

Your spell library contained the following spells:

 Spells                   Type           Power        Failure   Level  Hunger
 Lee's Rapid Deconstruct  Erth           ##........   78%         5    N/A
 Petrify                  Tmut/Erth      #.......     63%         4    N/A

Dungeon Overview and Level Annotations

Branches:
Dungeon (4/15)
 Temple: D:4-7

Altars:

Annotations:
D:4 Sigmund


Innate Abilities, Weirdness & Mutations

You do not eat or drink.
Your flesh is vulnerable to fire.
You are immune to poison.
Your flesh is cold resistant. (rC+)
You are immune to negative energy. (rN+++)
You are immune to unholy pain and torment.
You can survive without breathing.


Message History

Found a purple potion.
There is a stone staircase leading down here.
You climb downwards.
A hound skeleton comes into view.
There is a stone staircase leading up here.
The helpless hound skeleton fails to defend itself.
You hit the hound skeleton.
The hound skeleton is moderately damaged.
The hound skeleton bites you.
You hit the hound skeleton but do no damage.
The hound skeleton is moderately damaged.
The hound skeleton barely misses you.
You hit the hound skeleton.
The hound skeleton is heavily damaged.
The hound skeleton misses you. The hound skeleton closely misses you.
You closely miss the hound skeleton.
The hound skeleton is heavily damaged.
The hound skeleton bites you but does no damage.
You closely miss the hound skeleton.
The hound skeleton is heavily damaged.
The hound skeleton bites you.
You completely miss the hound skeleton.
The hound skeleton is heavily damaged.
The hound skeleton misses you.
You hit the hound skeleton.
The hound skeleton is heavily damaged.
The hound skeleton bites you but does no damage.
The hound skeleton closely misses you.
You hit the hound skeleton.
The hound skeleton is severely damaged.
The hound skeleton bites you.
You hit the hound skeleton.
The hound skeleton is severely damaged.
The hound skeleton barely misses you.
You hit the hound skeleton but do no damage.
The hound skeleton is severely damaged.
The hound skeleton barely misses you. The hound skeleton misses you.
You hit the hound skeleton.
The hound skeleton is almost destroyed.
The hound skeleton barely misses you.
You hit the hound skeleton.
You destroy the hound skeleton!
No target in view!
You start resting.
HP restored.
A quokka comes into view.
A quokka is nearby!
A quokka is nearby!
Found a dagger.
The helpless quokka fails to defend itself.
You puncture the quokka!
You kill the quokka!
You see here a dagger.
Sigmund the Dreaded comes into view.
He is wielding a scythe.
Sigmund shouts!
Sigmund points at you and mumbles some strange words.
The puff of flame hits you! The fire burns you terribly!
Ouch! That really hurt!
* * * LOW HITPOINT WARNING * * *
Found a stone staircase leading down.
There is a stone staircase leading up here.
Sigmund gestures at you while chanting. The puff of flame hits you!
The fire burns you terribly!
You die...

#.#
#.#
#.#
#.#
#.#
#.#
#.#
#@#
#.#
#.#
#.#
#.#
#.#
#.#
#@#
####.#


You could see Sigmund.

Vanquished Creatures
  A hound skeleton (D:4)
  An adder (D:3)
  An ooze (D:3)
  A dart slug (D:1)
  2 giant cockroaches
  2 goblins
  3 hobgoblins
  A quokka (D:4)
  A bat (D:2)
  A kobold (D:1)
  3 rats (D:2)
17 creatures vanquished.

Notes
Turn   | Place    | Note
-------+----------+-------------------------------------------
     0 | D:1      | Amnesiac the Mummy Earth Elementalist began the quest for the Orb.
     0 | D:1      | Reached XP level 1. HP: 13/13 MP: 4/4
   461 | D:1      | Reached XP level 2. HP: 5/19 MP: 2/5
   473 | D:1      | Learned a level 2 spell: Passwall
   830 | D:3      | Reached XP level 3. HP: 21/24 MP: 1/7
   835 | D:3      | Learned a level 3 spell: Stone Arrow
  1140 | D:4      | Noticed Sigmund
  1157 | D:4      | Killed from afar by Sigmund

Vault maps used:
D:1:      dpeg_arrival_chase
D:2:      marbit_many_paths, chequers_temple_overflow_statue_of_worship,
          serial_glass, glass_columns_a, glass_columns_a
D:3:      gammafunk_temple_overflow_wave, okawaru_metal_pillars_1_2,
          st_stairs_14, uniq_terence, uniq_natasha, uniq_jessica
D:4:      doesnt_xom_only_xom, temple_fountains, uniq_sigmund, uniq_eustachio

Skill      XL: |  1  2 |
---------------+-------+-----
Spellcasting   | 3 |  3.4
Earth Magic    | 3 |  3.4
Dodging        | |  1.5
Stealth        | |  1.5
Transmutations | |  0.7

Action                   || total
-------------------------++-------
Melee: Dagger            ||    48
       Unarmed           ||     3
 Cast: Sandblast         ||    21
       Passwall          ||     1
 Stab: Sleeping          ||     3
Armor: Robe              ||    18
Dodge: Dodged            ||    36

Table legend:
 A = Spawn XP
 B = Non-spawn XP
 C = Spawn XP percentage of total XP
 D = Spawn monster count
 E = Non-spawn monster count
 F = Spawn count percentage of total count
 G = Total turns spent on level
                    A         B        C        D         E        F      G
               +---------+---------+-------+---------+---------+-------+---------
         Total |       0 |      64 |   0.0 |       0 |      17 |   0.0 |  1157
               +---------+---------+-------+---------+---------+-------+---------
           D:1 |       0 |       9 |   0.0 |       0 |       4 |   0.0 |   324
           D:2 |       0 |      12 |   0.0 |       0 |       8 |   0.0 |   495
           D:3 |       0 |      23 |   0.0 |       0 |       3 |   0.0 |   230
           D:4 |       0 |      20 |   0.0 |       0 |       2 |   0.0 |   108
               +---------+---------+-------+---------+---------+-------+---------
